 Dungeon Crawl Stone Soup version 0.22-a0-455-ga0624bf (webtiles) character file.

32 Figureslego113 the Covered (level 3, -5/23 HPs)
             Began as a Gargoyle Fighter on June 6, 2018.
             Slain by Sigmund
             ... wielding a +0 scythe
              (7 damage)
             ... on level 2 of the Dungeon.
             The game lasted 00:04:00 (399 turns).

Figureslego113 the Covered (Gargoyle Fighter)        Turns: 399, Time: 00:04:01

Health: -5/23      AC: 10    Str: 19    XL:     3   Next: 25%
Magic:  3/3        EV:  7    Int:  8    God:
Gold:   39         SH:  9    Dex: 10    Spells: 2/2 levels left

rFire    . . .     SeeInvis .   a - +0 flail
rCold    . . .     Gourm    .   c - +0 shield
rNeg     + . .     Faith    .   b - +0 scale mail
rPois    ∞         Spirit   .   (no helmet)
rElec    +         Reflect  .   (no cloak)
rCorr    .         Harm     .   (no gloves)
MR       .....                  (no boots)
Stlth    ..........             (no amulet)
HPRegen  0.07/turn              (no ring)
MPRegen  0.08/turn              (no ring)

@: no status effects
A: negative energy resistance 1, electricity resistance, unbreathing,
petrification resistance, rot immunity, AC +3
a: no special abilities


You were on level 2 of the Dungeon.
You were not hungry.

You visited 1 branch of the dungeon, and saw 2 of its levels.

You collected 39 gold pieces.

Inventory:

Hand Weapons
 a - a +0 flail (weapon)
Armour
 b - a +0 scale mail (worn)
 c - a +0 shield (worn)
 h - a scarf of spirit shield
Jewellery
 g - a +4 ring of strength {unknown}
Scrolls
 i - a scroll of fog {unknown}
 j - a scroll of remove curse {unknown}
 k - a scroll of identify {unknown}
Potions
 d - a potion of might
 e - 2 potions of mutation {unknown}
 l - a potion of haste {unknown}
 m - a potion of resistance {unknown}
Comestibles
 f - a ration


   Skills:
 + Level 3.5 Fighting
 + Level 2.3 Maces & Flails
 * Level 3.8 Armour
 + Level 0.4 Dodging
 + Level 3.6 Shields


You had 2 spell levels left.
You didn't know any spells.
Your spell library was empty.

Dungeon Overview and Level Annotations

Branches:
Dungeon (1/15)

Altars:

Annotations:
D:2 Robin, Sigmund


Innate Abilities, Weirdness & Mutations

You are resistant to torment.
Your stone body is resilient. (AC +3)
You are immune to poison.
You resist negative energy. (rN+)
You are resistant to electric shocks. (rElec)
You can survive without breathing.
You are immune to petrification.
You are immune to rotting.


Message History

Robin hits you but does no damage. Something hits you but does no damage.
Robin hits you but does no damage.
Your shield and scale mail prevent you from hitting Robin.
Robin is severely wounded.
Robin completely misses you. You block something's attack.
You hit Robin but do no damage.
Robin is severely wounded.
Robin hits you with a dagger. Something hits you but does no damage.
Robin hits you with a dagger.
* * * LOW HITPOINT WARNING * * *
You hit Robin.
Robin is almost dead.
You block Robin's attack. Something hits you.
* * * LOW HITPOINT WARNING * * *
You closely miss Robin.
Robin is almost dead.
Robin hits you with a dagger.
* * * LOW HITPOINT WARNING * * *
Something hits you!
You die...

#.# #.'...... #.#
#.#...... #.# #.####..#
######.###.####..#
...................
#.#.##########.#.####..#
+.....{(.........>.....#
##.###)##########.###.#
#.# #@# #.# #.# ...#g# #
#.# #.#)### #.. #.....#
### .....##(#.#
.....##...##
...$.......#
...........#
...........#


You could see Robin.

Vanquished Creatures
  An ooze (D:1)
  A dart slug (D:1)
  9 goblins (D:2)
  5 hobgoblins
  A quokka (D:2)
  3 bats (D:1)
  A frilled lizard (D:2)
  A rat (D:1)
22 creatures vanquished.

Notes
Turn   | Place    | Note
-------+----------+-------------------------------------------
     0 | D:1      | Figureslego113 the Gargoyle Fighter began the quest for the Orb.
     0 | D:1      | Reached XP level 1. HP: 14/14 MP: 1/1
   148 | D:1      | Reached XP level 2. HP: 16/19 MP: 2/2
   295 | D:1      | You fall through a shaft!
   340 | D:2      | Noticed Robin
   376 | D:2      | Reached XP level 3. HP: 20/23 MP: 3/3
   385 | D:2      | Noticed Sigmund
   399 | D:2      | Slain by Sigmund

Vault maps used:
D:1:      dpeg_arrival_fog
D:2:      chequers_temple_overflow_minitemple, first_ration, uniq_sigmund,
          uniq_robin, uniq_natasha

Action                   || total
-------------------------++-------
Melee: Flail             ||    82
Armor: Scale mail        ||    83
Dodge: Dodged            ||    32
Block: Shield            ||    66

Table legend:
 A = Spawn XP
 B = Non-spawn XP
 C = Spawn XP percentage of total XP
 D = Spawn monster count
 E = Non-spawn monster count
 F = Spawn count percentage of total count
 G = Total turns spent on level
                    A         B        C        D         E        F      G
               +---------+---------+-------+---------+---------+-------+---------
         Total |       0 |      46 |   0.0 |       0 |      22 |   0.0 |   399
               +---------+---------+-------+---------+---------+-------+---------
           D:1 |       0 |      20 |   0.0 |       0 |       8 |   0.0 |   295
           D:2 |       0 |      26 |   0.0 |       0 |      14 |   0.0 |   104
               +---------+---------+-------+---------+---------+-------+---------
